 Dungeon Crawl Stone Soup version bcrawl-1.12-11-gb93c957c58 (webtiles) character file.

Game seed: 6355653802127578946

147 Forgol the Sneak (level 5, -11/31 HPs)
             Began as a Dusk Walker Rogue on June 6, 2019.
             Mangled by an ogre
             ... wielding a +0 giant spiked club
              (26 damage)
             ... on level 2 of the Dungeon on June 27, 2019.
             The game lasted 00:03:59 (3042 turns).

Forgol the Sneak (Dusk Walker Rogue)                Turns: 3042, Time: 00:03:59

Health: -11/31     AC:  3    Str: 11    XL:     5   Next: 8%
Magic:  6/6        EV: 11    Int: 12    God:
Gold:   152        SH:  0    Dex: 15    Spells: 4/4 levels left

rFire    . . .     SeeInvis .   a - +2 dagger
rCold    . . .     Gourm    .   (no shield)
rNeg     . . .     Faith    .   c - +0 robe
rPois    .         Spirit   .   (no helmet)
rElec    .         Reflect  .   d - +0 cloak
rCorr    .         Harm     .   (no gloves)
MR       .....                  (no boots)
Stlth    +++++.....             (no amulet)
HPRegen  0.10/turn              (no ring)
MPRegen  0.10/turn              (no ring)

@: no status effects
A: draining touch, unencumbered stealth, fangs 2, nightstalker 1
a: no special abilities


You were on level 2 of the Dungeon.
You were not hungry.

You visited 1 branch of the dungeon, and saw 2 of its levels.

You collected 152 gold pieces.

Inventory:

Hand Weapons
 a - a +2 dagger (weapon)
 b - a +0 blowgun
Missiles
 e - 80 poisoned needles
 l - 50 needles of confusion
Armour
 c - a +0 robe (worn)
 d - a +0 cloak (worn)
 m - a +0 chain mail
Wands
 f - a wand of flame (15)
 g - a wand of enslavement (15)
Scrolls
 k - 2 scrolls of fog {unknown}
 n - a scroll of fear {unknown}
 o - a scroll of enchant armour {unknown}
Potions
 i - 2 potions of magic {unknown}
 j - a potion of cancellation {unknown}
 p - a potion of mutation {unknown}
Comestibles
 h - 4 rations {!d}


   Skills:
 + Level 4.1 Short Blades
 + Level 2.8 Throwing
 + Level 7.8 Stealth
 - Level 2.0 Evocations


You had 4 spell levels left.
You didn't know any spells.
Your spell library was empty.

Dungeon Overview and Level Annotations

Branches:
Dungeon (2/12)

Altars:


Innate Abilities, Weirdness & Mutations

Your attacks drain your enemies.
You move stealthily even while encumbered by armour.
You have extremely sharp teeth.
You are slightly more attuned to the shadows.


Message History

You butcher the goblin corpse.
q - 3 chunks of flesh
Things that are here:
a cursed -3 club; a goblin skeleton There isn't anything to butcher here.
You start waiting.
Done waiting.
You start waiting.
Done waiting.
All of the chunks of flesh in your inventory have rotted away.
A rat and an ogre come into view.
The ogre shouts!
The ogre hits you with a +0 giant spiked club!
Ouch! That really hurt!
Found 137 stones.
You hit the ogre. You drain the ogre.
The ogre is lightly wounded.
The ogre hits you with a +0 giant spiked club!!
Ouch! That really hurt!
You die...

..(.........#
............+
.....r......#
............#
............#
.......O....#
#@#
##.#######
#.........
#..#######
#..# #..# #
#..# # #..# #
#..# ###


You could see an ogre and a rat.

Vanquished Creatures
  A phantom (D:2)
  3 worms (D:2)
  2 dart slugs (D:1)
  A leopard gecko (D:1)
  3 bats
  A giant cockroach (D:2)
  3 goblins
  9 hobgoblins
  8 jackals
  5 frilled lizards
  2 kobolds
38 creatures vanquished.

Notes
Turn   | Place    | Note
-------+----------+-------------------------------------------
     0 | D:1      | Forgol the Dusk Walker Rogue began the quest for the Orb.
     0 | D:1      | Reached XP level 1. HP: 11/11 MP: 2/2
   800 | D:1      | Reached XP level 2. HP: 10/17 MP: 3/3
  1885 | D:2      | Reached skill level 7 in Stealth
  1885 | D:2      | Reached XP level 3. HP: 17/21 MP: 4/4
  2104 | D:2      | Upgraded the game from bcrawl-1.12-8-g964540c432 to
                  | bcrawl-1.12-11-gb93c957c58
  2548 | D:2      | Noticed a phantom
  2557 | D:2      | Killed a phantom
  2557 | D:2      | Gained mutation: You are slightly more attuned to the
                  | shadows. [Dusk Walker growth]
  2557 | D:2      | Reached XP level 4. HP: 19/27 MP: 5/5
  2557 | D:2      | Reached XP level 5. HP: 22/31 MP: 6/6
  3040 | D:2      | Noticed an ogre
  3042 | D:2      | Mangled by an ogre

Skill      XL: |  1  2  3 |
---------------+----------+-----
Throwing       | 2 |  2.8
Short Blades   | 3 4 |  4.1
Stealth        | 7 |  7.8
Evocations     | |  2.0

Action                   |  1- 3 |  4- 6 || total
-------------------------+-------+-------++-------
Melee: Dagger            |    85 |    14 ||    99
       Bite              |     5 |       ||     5
 Stab: Sleeping          |     7 |     3 ||    10
  Eat: Chunk             |     5 |     1 ||     6
Armor: Robe              |    13 |     2 ||    15
Dodge: Dodged            |    30 |     4 ||    34
